 Dungeon Crawl Stone Soup version 0.30-a0-234-g97d66968fd (webtiles) character file.

Game seed: 13940601509899698861

75 qw the Shield-Bearer (level 4, -4/28 HPs)
             Began as a Gargoyle Fighter on Oct 9, 2022.
             Slain by Sigmund
             ... wielding a +0 scythe
              (5 damage)
             ... on level 3 of the Dungeon.
             The game lasted 00:00:43 (1756 turns).

qw the Shield-Bearer (Gargoyle Fighter)             Turns: 1756, Time: 00:00:43

Health: -4/28      AC: 15    Str: 22    XL:     4   Next: 31%
Magic:  4/4        EV: -1    Int:  8    God:
Gold:   113        SH: 12    Dex:  9    Spells: 3/3 levels left

rFire   . . .      SeeInvis .    Y - +0 war axe
rCold   . . .      Faith    .    h - +0 tower shield
rNeg    + . .      Spirit   .    l - +0 plate armour
rPois   inf        Reflect  .    (no helmet)
rElec   +          Harm     .    (no cloak)
rCorr   .          Rampage  .    (no gloves)
Will    .....                    (no boots)
Stlth   ..........               (no amulet)
HPRegen 0.24/turn                (no ring)
MPRegen 0.09/turn                (no ring)

@: constricted
A: sickness immunity, AC +3, negative energy resistance 1, electricity
resistance, torment resistance 1, petrification resistance
a: no special abilities


You were on level 3 of the Dungeon.
You visited 1 branch of the dungeon, and saw 3 of its levels.

You collected 113 gold pieces.


Innate Abilities, Weirdness & Mutations

You are immune to sickness and miasma.
Your stone body is resilient. (AC +3)
You are immune to poison.
You resist negative energy. (rN+)
You are resistant to electric shocks. (rElec)
You are resistant to unholy torment.
You are immune to petrification.


   Skills:
 - Level 3.2 Fighting
 - Level 3.0 Axes
 - Level 3.2 Armour
 + Level 4.5 Shields


You had 3 spell levels left.
You didn't know any spells.
Your spell library was empty.

Inventory:

Hand Weapons
 a - a +0 whip
 Y - a +0 war axe (weapon)
Armour
 h - a +0 tower shield (worn)
 l - a +0 plate armour (worn)
Scrolls
 i - 2 scrolls of teleportation
 j - a scroll of identify
Potions
 d - a potion of might
 f - a potion of heal wounds
 g - a potion of brilliance {unknown}

Dungeon Overview and Level Annotations

Branches:
Dungeon (3/15)

Altars:
Qazlal

Annotations:
D:3 Sigmund


Message History

The ball python bites you but does no damage.
The ball python constricts you. Sigmund hits you but does no damage.
You block the ball python's attack. The ball python constricts you.
You closely miss the ball python. You barely miss Sigmund. You miss something.
You block the ball python's attack. The ball python constricts you.
You hear a zap.
Something tries to affect you, but you resist.
Sigmund gestures at you while chanting. You resist with some effort.
The ball python bites you but does no damage.
The ball python constricts you. Something hits you but does no damage.
The orc hits you but does no damage.
You hit the ball python.
The ball python is severely wounded.
You closely miss the orc. You barely miss Sigmund. You closely miss something.
Sigmund points at you and mumbles some strange words.
The magic dart hits you but does no damage.
You block the ball python's attack. The ball python constricts you.
You block something's attack. The orc hits you but does no damage.
You block Sigmund's attack. You block the ball python's attack.
The ball python constricts you.
You closely miss the ball python.
The ball python is severely wounded.
You hit the orc. You slash Sigmund! You barely miss something.
Something hits you but does no damage. The orc hits you but does no damage.
You block the ball python's attack. The ball python constricts you.
You block Sigmund's attack. Something hits you but does no damage.
The orc hits you but does no damage.
The ball python bites you but does no damage.
The ball python constricts you.
You barely miss the ball python.
The ball python is severely wounded.
You closely miss something. You closely miss the orc. You closely miss Sigmund.
You hear a zap.
Your mind is blasted!
Ouch! That really hurt!
You block the orc's attack.
The ball python bites you but does no damage.
The ball python constricts you. Sigmund hits you with a +0 scythe.
You die...

..####%##..###
####...........
............#...
.######.....#.##
#..#### # +...#
... +..##....
#......_.
#@{##....
......o@S.# ..o
.......r..# .#
.......#.... o
######. ..... #.
####.# #. .# #.
.


You could see Sigmund (strong), an orc, a ball python and a rat.

Vanquished Creatures
  2 adders (D:2)
  2 dart slugs
  2 orcs (D:3)
  10 endoplasms
  A giant cockroach (D:1)
  4 hobgoblins (D:2)
  4 jackals (D:2)
  2 quokkas
  3 ball pythons (D:1)
  3 bats (D:2)
  6 kobolds
  9 rats
48 creatures vanquished.

Notes
Turn   | Place    | Note
-------+----------+-------------------------------------------
     0 | D:1      | qw the Gargoyle Fighter began the quest for the Orb.
     0 | D:1      | Reached XP level 1. HP: 14/14 MP: 1/1
     0 | D:1      | 0 ||| qw: Version: 0.2-a-17-g06abaee
     0 | D:1      | 0 ||| qw: Game counter: 2343
     0 | D:1      | 0 ||| qw: Always use a shield: true
     0 | D:1      | 0 ||| qw: God list: Okawaru
     0 | D:1      | 0 ||| qw: Allow faded altars: false
     0 | D:1      | 0 ||| qw: Do Orc after D:15 true
     0 | D:1      | 0 ||| qw: Do second Lair branch before Depths: true
     0 | D:1      | 0 ||| qw: Lair rune preference: random
     0 | D:1      | 0 ||| qw: Plans: Normal, Zot:1-4, God:TSO, Crypt, Tomb,
                  | Pan, Slime:5, Hells, Abyss, Orb
     0 | D:1      | 0 ||| PLANNING D:1-11
   269 | D:1      | Reached XP level 2. HP: 19/19 MP: 2/2
   476 | D:1      | You fall into a shaft and drop 1 floor!
   491 | D:2      | 491 ||| DRINKING 2 sedimented red potions.
   492 | D:2      | 492 ||| DROPPING potion of invisibility.
   684 | D:1      | Reached skill level 3 in Axes
   828 | D:1      | 828 ||| UPGRADING to +0 tower shield.
   838 | D:1      | 838 ||| DROPPING +0 buckler.
   839 | D:1      | 839 ||| UPGRADING to +0 plate armour.
   849 | D:1      | 849 ||| DROPPING +0 scale mail.
   850 | D:1      | 850 ||| READING scroll labelled QUETOU ZIUGG.
   855 | D:1      | 855 ||| READING 2 scrolls labelled ZEUDGH XEQI.
   900 | D:2      | Reached XP level 3. HP: 23/23 MP: 3/3
   985 | D:2      | 985 ||| DROPPING +0 club.
  1067 | D:2      | Found a faded altar of an unknown god.
  1100 | D:2      | 1100 ||| Stepping ~*~*~tactically~*~*~ (stealth).
  1177 | D:2      | Reached skill level 4 in Shields
  1240 | D:2      | 1240 ||| Stepping ~*~*~tactically~*~*~ (stealth).
  1280 | D:2      | Reached XP level 4. HP: 28/28 MP: 4/4
  1427 | D:2      | 1427 ||| Stepping ~*~*~tactically~*~*~ (hiding).
  1659 | D:2      | 1659 ||| READING scroll labelled VUNLAO KIODUSKU.
  1660 | D:2      | 1660 ||| READING scroll labelled LIENKUH RUESS.
  1661 | D:2      | 1661 ||| READING 3 scrolls of identify.
  1661 | D:2      | 1661 ||| IDENTIFYING murky brown potion
  1662 | D:2      | 1662 ||| READING 2 scrolls of identify.
  1662 | D:2      | 1662 ||| IDENTIFYING glowing orange potion
  1663 | D:2      | 1663 ||| DROPPING potion of magic.
  1745 | D:3      | Noticed Sigmund
  1746 | D:3      | Found a stormy altar of Qazlal.
  1756 | D:3      | HP: 1/28 [disintegration (18)]
  1756 | D:3      | Slain by Sigmund

Levels and vault maps discovered:
D:1:      lemuel_arrival_funnel, layout_basic
D:2:      layout_loops_ring, basic_ecumenical_altar
D:3:      minmay_inner_zag, layout_basic, general_overflow_altar,
          grunt_qazlal_clouds, uniq_sigmund, uniq_ijyb

Skill      XL: |  1  2  3 |
---------------+----------+-----
Axes           | 2 3 |  3.0
Shields        | 4 |  4.5
Fighting       | |  3.2
Armour         | |  3.2

Action                   |  1- 3 |  4- 6 || total
-------------------------+-------+-------++-------
Melee: War axe           |    77 |    32 ||   109
  Use: Scroll            |     2 |     4 ||     6
       Potion            |     1 |       ||     1
 Stab: Invisible         |     1 |       ||     1
Armor: Scale mail        |    12 |       ||    12
       Plate armour      |    34 |    33 ||    67
Dodge: Dodged            |    15 |     3 ||    18
Block: Buckler           |     5 |       ||     5
       Tower shield      |    30 |    18 ||    48

Table legend:
 A = Non-vault XP
 B = Vault XP
 C = Vault XP percentage of total XP
 D = Non-vault monster count
 E = Vault monster count
 F = Vault count percentage of total count
                 A         B        C        D         E       F
            +---------+---------+-------+---------+---------+-------
      Total |     108 |       0 |   0.0 |      48 |       0 |   0.0
            +---------+---------+-------+---------+---------+-------
        D:1 |      32 |       0 |   0.0 |      19 |       0 |   0.0
        D:2 |      66 |       0 |   0.0 |      24 |       0 |   0.0
        D:3 |      10 |       0 |   0.0 |       5 |       0 |   0.0
            +---------+---------+-------+---------+---------+-------
